[ AOE2 MATCH · #465582415 ]
UnrankedKoreans vs Romans
[ REPLAY ANALYSIS · EXTRACTED FROM THE RECORDED GAME ]
Feudal
13:22
Castle
17:42
Imperial
—
| APM avg | 37.3 |
| APM peak | 73 |
| eAPM avg | 14.9 |
| Villagers / military | 32 / 18 |
Focus
⚔️ 28.5% · 🌾 71.5%
War Wagon ×13 · Fishing Ship ×5 · Iron Pagoda ×3 · Scorpion ×2 · Trade Cart ×1
Feudal
12:57
Castle
22:47
Imperial
—
| APM avg | 41.6 |
| APM peak | 77 |
| eAPM avg | 17.7 |
| Villagers / military | 51 / 24 |
Focus
⚔️ 29.5% · 🌾 70.5%
Scout Cavalry ×11 · Spearman ×7 · Knight ×6 · Fishing Ship ×6
Feudal
11:44
Castle
—
Imperial
—
| APM avg | 55.4 |
| APM peak | 98 |
| eAPM avg | 21.7 |
| Villagers / military | 63 / 97 |
Focus
⚔️ 39.7% · 🌾 60.3%
Scout Cavalry ×97
Feudal
12:04
Castle
23:01
Imperial
—
| APM avg | 54.6 |
| APM peak | 126 |
| eAPM avg | 24.6 |
| Villagers / military | 57 / 28 |
Focus
⚔️ 26.6% · 🌾 73.4%
Archer ×16 · Knight ×6 · Fishing Ship ×5 · Leitis ×2 · Scout Cavalry ×2 · Monk ×1
Feudal
13:40
Castle
17:18
Imperial
—
| APM avg | 34.9 |
| APM peak | 60 |
| eAPM avg | 16.2 |
| Villagers / military | 81 / 44 |
Focus
⚔️ 19.6% · 🌾 80.4%
Cavalry Archer ×43 · Fishing Ship ×3 · Monk ×1
Feudal
13:57
Castle
18:02
Imperial
—
| APM avg | 32.2 |
| APM peak | 65 |
| eAPM avg | 18.4 |
| Villagers / military | 39 / 10 |
Focus
⚔️ 44.7% · 🌾 55.3%
Fishing Ship ×12 · Spearman ×9 · Unknown (2626) ×2 · Skirmisher ×1
Feudal
11:48
Castle
23:55
Imperial
—
| APM avg | 47.2 |
| APM peak | 86 |
| eAPM avg | 25.1 |
| Villagers / military | 116 / 59 |
Focus
⚔️ 29.7% · 🌾 70.3%
Knight ×44 · Scout Cavalry ×15 · Fishing Ship ×4
Feudal
12:28
Castle
22:06
Imperial
—
| APM avg | 44.3 |
| APM peak | 74 |
| eAPM avg | 25.4 |
| Villagers / military | 44 / 48 |
Focus
⚔️ 48.8% · 🌾 51.2%
Elephant Archer ×29 · Fishing Ship ×17 · Galley ×11 · Spearman ×6 · Monk ×2
Match map
Initial resources + every placement click. Lines = walls · curves = elevation contours. ◆ gold · ⬟ stone · ● berries · ✦ relic · ◌ wall gap
Your base· Open — unwalled flank
Hades's base· Open — unwalled flank
BF_XIN's base· Open — unwalled flank
hK | Agt. Smith's base· Open — unwalled flank
holagame's base· Open — unwalled flank
hK | Anubis's base· Open — unwalled flank
dapao's base· Open — unwalled flank
veni's base· Open — unwalled flank
Smoothed initial terrain · ◌ = detected wall gap · hover for details
Inputs per minute
— Euromillions - - Hades
Build order — Euromillions
101 actions detected in the replay
| 0:42 | Build | Dock |
| 0:50 | Build | Town Center |
| 1:11 | Build | House |
| 1:55 | Build | House |
| 2:51 | Create | Villager (Male) |
| 2:51 | Create | Villager (Male) |
| 2:51 | Create | Villager (Male) |
| 2:52 | Create | Villager (Male) |
| 3:35 | Create | Villager (Male) |
| 4:45 | Create | Fishing Ship |
| 4:59 | Build | House |
| 5:04 | Research | Loom |
| 5:28 | Create | Villager (Male) |
| 5:56 | Create | Villager (Male) |
| 5:56 | Create | Villager (Male) |
| 5:56 | Create | Villager (Male) |
| 6:22 | Create | Fishing Ship |
| 6:28 | Build | House |
| 6:39 | Create | Villager (Male) |
| 7:18 | Create | Villager (Male) |
| 7:18 | Create | Villager (Male) |
| 7:19 | Create | Villager (Male) |
| 7:20 | Create | Fishing Ship |
| 7:48 | Build | House |
| 8:08 | Create | Villager (Male) |
| 8:09 | Create | Villager (Male) |
| 8:20 | Create | Fishing Ship |
| 8:37 | Build | Palisade Wall |
| 8:41 | Create | Villager (Male) |
| 9:18 | Build | Palisade Wall |
| 9:21 | Build | Palisade Wall |
| 9:30 | Create | Villager (Male) |
| 9:46 | Build | House |
| 9:52 | Create | Fishing Ship |
| 10:08 | Create | Villager (Male) |
| 10:20 | Build | Mining Camp |
| 10:30 | Build | Palisade Wall |
| 10:33 | Build | Palisade Wall |
| 10:34 | Build | Palisade Wall |
| 10:37 | Create | Villager (Male) |
| 11:12 | Research | Feudal Age |
| 11:12 | Research | Feudal Age |
| 12:02 | Build | Palisade Wall |
| 12:04 | Build | Palisade Wall |
| 12:27 | Build | Palisade Wall |
| 13:07 | Build | Mill |
| 13:21 | Create | Villager (Male) |
| 13:22 | Age | Feudal Age |
| 13:29 | Build | Blacksmith |
| 13:40 | Create | Villager (Male) |
| 13:44 | Build | Market |
| 14:03 | Build | Mining Camp |
| 14:07 | Create | Villager (Male) |
| 14:33 | Build | House |
| 15:02 | Research | Castle Age |
| 15:39 | Build | House |
| 15:53 | Build | House |
| 16:12 | Build | Palisade Wall |
| 16:38 | Build | Watch Tower |
| 16:56 | Create | Villager (Male) |
| 17:26 | Create | Villager (Male) |
| 17:31 | Create | Villager (Male) |
| 17:38 | Build | Mining Camp |
| 17:42 | Age | Castle Age |
| 17:46 | Build | Siege Workshop |
| 18:02 | Create | Villager (Male) |
| 18:17 | Create | Villager (Male) |
| 18:24 | Create | Scorpion |
| 18:53 | Create | Villager (Male) |
| 18:54 | Create | Villager (Male) |
| 19:13 | Create | Scorpion |
| 19:15 | Create | Iron Pagoda |
| 19:57 | Create | Iron Pagoda |
| 21:07 | Build | Outpost |
| 21:39 | Create | Iron Pagoda |
| 21:46 | Build | Outpost |
| 22:43 | Build | Castle |
| 22:48 | Build | Palisade Wall |
| 23:19 | Build | Lumber Camp |
| 24:12 | Create | War Wagon |
| 24:43 | Create | War Wagon |
| 25:39 | Research | Fletching |
| 26:14 | Create | War Wagon |
| 26:15 | Create | War Wagon |
| 26:25 | Create | War Wagon |
| 26:50 | Create | War Wagon |
| 27:51 | Build | Palisade Wall |
| 27:55 | Build | Farm |
| 28:17 | Create | Trade Cart |
| 28:20 | Create | War Wagon |
| 28:20 | Create | War Wagon |
| 28:20 | Create | War Wagon |
| 28:59 | Create | War Wagon |
| 29:20 | Create | War Wagon |
| 29:34 | Create | Villager (Male) |
| 29:34 | Create | Villager (Male) |
| 30:30 | Create | Villager (Male) |
| 30:52 | Build | Castle |
| 31:05 | Create | War Wagon |
| 31:05 | Create | War Wagon |
| 31:15 | Build | Farm |
Build order — Hades
144 actions detected in the replay
| 1:04 | Build | Town Center |
| 2:36 | Create | Villager (Male) |
| 2:36 | Create | Villager (Male) |
| 2:39 | Build | House |
| 3:08 | Build | Dock |
| 3:16 | Create | Villager (Male) |
| 3:41 | Create | Villager (Male) |
| 3:52 | Create | Fishing Ship |
| 4:21 | Research | Loom |
| 4:54 | Create | Villager (Male) |
| 4:54 | Create | Villager (Male) |
| 5:08 | Create | Fishing Ship |
| 5:24 | Create | Villager (Male) |
| 5:24 | Create | Villager (Male) |
| 5:45 | Create | Fishing Ship |
| 5:55 | Create | Villager (Male) |
| 6:03 | Build | House |
| 6:27 | Create | Villager (Male) |
| 6:27 | Create | Villager (Male) |
| 6:35 | Create | Fishing Ship |
| 6:57 | Create | Villager (Male) |
| 7:18 | Create | Villager (Male) |
| 7:18 | Create | Villager (Male) |
| 7:48 | Build | House |
| 7:50 | Create | Villager (Male) |
| 7:55 | Create | Fishing Ship |
| 8:03 | Create | Villager (Male) |
| 8:31 | Build | Mill |
| 8:33 | Create | Villager (Male) |
| 9:03 | Create | Villager (Male) |
| 9:10 | Create | Fishing Ship |
| 9:21 | Build | House |
| 9:31 | Create | Villager (Male) |
| 9:44 | Create | Villager (Male) |
| 10:22 | Create | Villager (Male) |
| 10:40 | Research | Feudal Age |
| 10:40 | Research | Feudal Age |
| 11:11 | Build | Barracks |
| 11:58 | Build | House |
| 12:56 | Create | Villager (Male) |
| 12:57 | Age | Feudal Age |
| 12:58 | Build | Stable |
| 13:05 | Create | Villager (Male) |
| 13:21 | Build | Mill |
| 13:35 | Create | Villager (Male) |
| 13:41 | Build | House |
| 13:52 | Create | Scout Cavalry |
| 13:52 | Create | Scout Cavalry |
| 14:13 | Create | Villager (Male) |
| 14:21 | Build | Blacksmith |
| 14:25 | Create | Scout Cavalry |
| 14:32 | Create | Spearman |
| 14:34 | Create | Scout Cavalry |
| 14:52 | Create | Villager (Male) |
| 15:02 | Create | Spearman |
| 15:04 | Create | Scout Cavalry |
| 15:06 | Build | House |
| 15:11 | Research | Forging |
| 15:25 | Create | Villager (Male) |
| 15:25 | Create | Villager (Male) |
| 15:30 | Create | Scout Cavalry |
| 15:53 | Build | House |
| 16:02 | Create | Scout Cavalry |
| 16:06 | Research | Scale Barding Armor |
| 16:06 | Research | Scale Barding Armor |
| 16:10 | Build | House |
| 16:10 | Create | Villager (Male) |
| 16:29 | Create | Spearman |
| 16:32 | Create | Villager (Male) |
| 16:43 | Build | Mining Camp |
| 16:46 | Create | Villager (Male) |
| 16:51 | Build | House |
| 16:55 | Build | House |
| 16:59 | Research | Town Watch |
| 16:59 | Research | Town Watch |
| 17:11 | Create | Spearman |
| 17:12 | Create | Scout Cavalry |
| 17:25 | Create | Villager (Male) |
| 17:31 | Build | House |
| 17:32 | Create | Villager (Male) |
| 17:40 | Build | House |
| 17:40 | Create | Villager (Male) |
| 18:05 | Create | Scout Cavalry |
| 18:29 | Create | Villager (Male) |
| 18:56 | Create | Villager (Male) |
| 19:16 | Build | House |
| 19:22 | Create | Spearman |
| 19:25 | Create | Villager (Male) |
| 19:31 | Research | Scale Mail Armor |
| 19:42 | Build | Mill |
| 19:42 | Create | Villager (Male) |
| 19:50 | Build | House |
| 19:53 | Create | Spearman |
| 20:06 | Research | Castle Age |
| 20:17 | Create | Spearman |
| 20:29 | Build | House |
| 21:05 | Build | House |
| 21:09 | Create | Scout Cavalry |
| 21:21 | Build | Stable |
| 21:29 | Build | Watch Tower |
| 21:49 | Create | Villager (Male) |
| 22:08 | Create | Scout Cavalry |
| 22:12 | Research | Bloodlines |
| 22:12 | Research | Bloodlines |
| 22:27 | Build | Lumber Camp |
| 22:34 | Build | Lumber Camp |
| 22:36 | Build | House |
| 22:47 | Age | Castle Age |
| 22:56 | Create | Knight |
| 22:57 | Create | Knight |
| 23:01 | Create | Villager (Male) |
| 23:09 | Build | Market |
| 23:24 | Create | Knight |
| 23:33 | Build | House |
| 23:35 | Create | Villager (Male) |
| 23:37 | Create | Knight |
| 23:46 | Create | Villager (Male) |
| 24:26 | Build | Town Center |
| 24:27 | Create | Villager (Male) |
| 24:34 | Create | Villager (Male) |
| 24:35 | Create | Knight |
| 24:57 | Build | Mill |
| 25:27 | Create | Villager (Male) |
| 26:03 | Create | Knight |
| 26:16 | Create | Villager (Male) |
| 26:24 | Create | Villager (Male) |
| 26:58 | Build | Town Center |
| 27:40 | Build | Mill |
| 27:51 | Create | Villager (Male) |
| 27:54 | Build | House |
| 27:57 | Build | House |
| 28:21 | Build | Farm |
| 28:22 | Build | Farm |
| 28:23 | Build | Farm |
| 28:24 | Build | Farm |
| 28:25 | Build | Farm |
| 28:25 | Create | Villager (Male) |
| 28:40 | Research | Double-Bit Axe |
| 28:40 | Research | Double-Bit Axe |
| 28:50 | Create | Villager (Male) |
| 28:56 | Build | Farm |
| 29:00 | Build | House |
| 29:02 | Create | Villager (Male) |
| 29:35 | Research | Wheelbarrow |
Build order — BF_XIN
First 150 of 210 actions detected
| 1:07 | Build | Town Center |
| 1:42 | Build | House |
| 2:46 | Create | Villager (Male) |
| 2:47 | Create | Villager (Male) |
| 2:47 | Create | Villager (Male) |
| 3:01 | Create | Villager (Male) |
| 3:01 | Create | Villager (Male) |
| 4:05 | Build | House |
| 4:20 | Create | Villager (Male) |
| 4:21 | Create | Villager (Male) |
| 5:19 | Create | Villager (Male) |
| 5:20 | Create | Villager (Male) |
| 5:20 | Create | Villager (Male) |
| 5:44 | Create | Villager (Male) |
| 5:44 | Create | Villager (Male) |
| 5:54 | Build | Mill |
| 6:17 | Build | House |
| 6:26 | Create | Villager (Male) |
| 6:26 | Create | Villager (Male) |
| 6:44 | Create | Villager (Male) |
| 6:44 | Create | Villager (Male) |
| 6:52 | Create | Villager (Male) |
| 6:52 | Create | Villager (Male) |
| 6:56 | Build | House |
| 7:16 | Build | Lumber Camp |
| 7:19 | Create | Villager (Male) |
| 7:40 | Create | Villager (Male) |
| 7:40 | Create | Villager (Male) |
| 8:06 | Create | Villager (Male) |
| 8:06 | Create | Villager (Male) |
| 8:07 | Create | Villager (Male) |
| 8:08 | Create | Villager (Male) |
| 8:08 | Create | Villager (Male) |
| 8:27 | Build | House |
| 8:39 | Create | Villager (Male) |
| 8:39 | Create | Villager (Male) |
| 8:44 | Build | House |
| 9:34 | Research | Feudal Age |
| 9:34 | Research | Feudal Age |
| 9:35 | Research | Feudal Age |
| 11:00 | Build | Barracks |
| 11:38 | Build | House |
| 11:44 | Create | Villager (Male) |
| 11:44 | Age | Feudal Age |
| 12:01 | Build | Stable |
| 12:05 | Research | Double-Bit Axe |
| 12:05 | Research | Double-Bit Axe |
| 12:09 | Create | Villager (Male) |
| 12:18 | Create | Villager (Male) |
| 12:21 | Research | Tech 1014 |
| 12:21 | Research | Tech 1014 |
| 12:22 | Research | Tech 1014 |
| 12:30 | Build | House |
| 12:36 | Create | Villager (Male) |
| 12:53 | Create | Scout Cavalry |
| 12:53 | Create | Scout Cavalry |
| 12:58 | Build | Pasture |
| 13:17 | Create | Villager (Male) |
| 13:22 | Create | Scout Cavalry |
| 13:44 | Build | Pasture |
| 13:47 | Create | Villager (Male) |
| 13:51 | Create | Scout Cavalry |
| 14:14 | Build | Blacksmith |
| 14:25 | Create | Scout Cavalry |
| 14:28 | Create | Villager (Male) |
| 14:32 | Build | Pasture |
| 15:14 | Research | Forging |
| 15:16 | Research | Scale Barding Armor |
| 15:17 | Create | Villager (Male) |
| 15:32 | Create | Villager (Male) |
| 15:38 | Build | House |
| 15:42 | Build | Pasture |
| 15:50 | Create | Scout Cavalry |
| 15:50 | Create | Scout Cavalry |
| 16:01 | Build | Pasture |
| 16:05 | Create | Scout Cavalry |
| 16:05 | Create | Scout Cavalry |
| 16:05 | Create | Scout Cavalry |
| 16:14 | Create | Scout Cavalry |
| 16:15 | Create | Scout Cavalry |
| 16:51 | Create | Scout Cavalry |
| 16:51 | Create | Scout Cavalry |
| 16:51 | Create | Villager (Male) |
| 16:58 | Build | House |
| 17:06 | Create | Scout Cavalry |
| 17:13 | Build | Pasture |
| 17:29 | Create | Scout Cavalry |
| 17:30 | Create | Villager (Male) |
| 17:33 | Build | House |
| 17:47 | Create | Villager (Male) |
| 17:52 | Build | Pasture |
| 18:05 | Create | Scout Cavalry |
| 18:09 | Build | House |
| 18:19 | Build | Stable |
| 18:28 | Create | Scout Cavalry |
| 18:32 | Create | Villager (Male) |
| 18:37 | Build | Pasture |
| 18:42 | Create | Scout Cavalry |
| 19:12 | Create | Scout Cavalry |
| 19:12 | Create | Scout Cavalry |
| 19:12 | Create | Scout Cavalry |
| 19:29 | Create | Scout Cavalry |
| 19:29 | Create | Scout Cavalry |
| 19:56 | Create | Scout Cavalry |
| 19:56 | Create | Scout Cavalry |
| 20:19 | Create | Scout Cavalry |
| 20:19 | Create | Scout Cavalry |
| 20:20 | Create | Scout Cavalry |
| 20:20 | Create | Villager (Male) |
| 20:24 | Build | Pasture |
| 20:32 | Create | Scout Cavalry |
| 20:32 | Create | Scout Cavalry |
| 20:32 | Create | Scout Cavalry |
| 20:32 | Create | Scout Cavalry |
| 20:36 | Build | Stable |
| 20:57 | Create | Scout Cavalry |
| 20:57 | Create | Scout Cavalry |
| 20:57 | Create | Scout Cavalry |
| 20:57 | Create | Scout Cavalry |
| 21:22 | Create | Scout Cavalry |
| 21:22 | Create | Scout Cavalry |
| 21:22 | Create | Scout Cavalry |
| 21:22 | Create | Scout Cavalry |
| 21:22 | Create | Scout Cavalry |
| 21:52 | Create | Villager (Male) |
| 22:29 | Create | Villager (Male) |
| 23:06 | Create | Villager (Male) |
| 23:23 | Create | Scout Cavalry |
| 23:23 | Create | Scout Cavalry |
| 23:23 | Create | Scout Cavalry |
| 23:50 | Create | Scout Cavalry |
| 23:51 | Create | Scout Cavalry |
| 23:51 | Create | Scout Cavalry |
| 24:32 | Create | Scout Cavalry |
| 24:32 | Create | Scout Cavalry |
| 24:33 | Create | Villager (Male) |
| 24:33 | Create | Villager (Male) |
| 24:37 | Build | House |
| 24:37 | Create | Villager (Male) |
| 24:55 | Create | Villager (Male) |
| 24:56 | Create | Villager (Male) |
| 25:06 | Create | Scout Cavalry |
| 25:07 | Create | Scout Cavalry |
| 25:07 | Create | Scout Cavalry |
| 25:07 | Create | Scout Cavalry |
| 25:26 | Create | Villager (Male) |
| 25:32 | Build | Pasture |
| 25:42 | Create | Scout Cavalry |
| 25:42 | Create | Scout Cavalry |
| 25:42 | Create | Scout Cavalry |
Build order — hK | Agt. Smith
127 actions detected in the replay
| 0:07 | Build | Dock |
| 0:59 | Build | Town Center |
| 2:54 | Create | Villager (Male) ×5 |
| 2:54 | Create | Villager (Male) ×5 |
| 4:01 | Create | Villager (Male) |
| 4:06 | Create | Fishing Ship |
| 4:20 | Build | House |
| 4:41 | Build | Palisade Wall |
| 5:14 | Create | Fishing Ship |
| 5:31 | Create | Villager (Male) |
| 5:31 | Create | Villager (Male) |
| 5:38 | Build | House |
| 5:49 | Create | Fishing Ship |
| 5:49 | Create | Fishing Ship |
| 6:06 | Build | House |
| 6:41 | Build | House |
| 6:52 | Create | Villager (Male) |
| 6:52 | Create | Villager (Male) |
| 6:52 | Create | Villager (Male) |
| 7:20 | Create | Fishing Ship |
| 7:51 | Create | Villager (Male) |
| 8:12 | Create | Villager (Male) |
| 8:40 | Create | Villager (Male) |
| 8:59 | Build | Mill |
| 9:05 | Create | Villager (Male) |
| 9:54 | Research | Feudal Age |
| 10:06 | Build | Barracks |
| 10:14 | Build | House |
| 11:53 | Research | Loom |
| 11:59 | Build | House |
| 12:04 | Age | Feudal Age |
| 12:06 | Build | Archery Range |
| 12:17 | Build | Archery Range |
| 12:33 | Create | Militia |
| 12:34 | Create | Villager (Male) |
| 12:40 | Build | Lumber Camp |
| 12:52 | Create | Archer |
| 13:01 | Build | Blacksmith |
| 13:07 | Create | Villager (Male) |
| 13:07 | Create | Archer |
| 13:08 | Create | Archer |
| 13:17 | Create | Villager (Male) |
| 13:31 | Build | House |
| 13:34 | Create | Archer |
| 13:34 | Create | Archer |
| 13:46 | Research | Fletching |
| 14:00 | Create | Villager (Male) |
| 14:00 | Create | Villager (Male) |
| 14:01 | Create | Villager (Male) |
| 14:11 | Create | Archer |
| 14:11 | Create | Archer |
| 14:29 | Build | Stone Wall |
| 14:41 | Create | Archer |
| 14:41 | Create | Archer |
| 14:42 | Create | Villager (Male) |
| 14:42 | Create | Villager (Male) |
| 14:49 | Build | Stone Wall |
| 14:54 | Create | Villager (Male) |
| 15:00 | Build | Mill |
| 15:08 | Create | Archer |
| 15:09 | Create | Villager (Male) |
| 15:37 | Create | Villager (Male) |
| 15:44 | Build | House |
| 15:45 | Build | House |
| 15:46 | Build | House |
| 15:47 | Build | House |
| 16:00 | Create | Archer |
| 16:00 | Create | Archer |
| 16:17 | Create | Villager (Male) |
| 16:35 | Create | Archer |
| 16:36 | Create | Archer |
| 16:41 | Build | Outpost |
| 16:45 | Create | Villager (Male) |
| 17:23 | Create | Villager (Male) |
| 17:30 | Build | Mining Camp |
| 17:35 | Build | Mill |
| 17:40 | Build | Stone Wall |
| 17:42 | Build | Stone Wall |
| 17:51 | Research | Wheelbarrow |
| 18:04 | Create | Archer |
| 18:05 | Create | Archer |
| 19:09 | Build | Stone Wall |
| 19:19 | Research | Town Watch |
| 19:41 | Build | Market |
| 19:47 | Create | Villager (Male) |
| 19:52 | Build | Lumber Camp |
| 20:01 | Build | Stone Wall |
| 20:02 | Build | Stone Wall |
| 20:21 | Research | Castle Age |
| 20:37 | Build | Stable |
| 21:02 | Research | Scale Barding Armor |
| 21:46 | Build | Stable |
| 22:14 | Build | House |
| 22:17 | Research | Bloodlines |
| 22:32 | Build | Mill |
| 23:01 | Age | Castle Age |
| 23:18 | Build | Town Center |
| 23:22 | Create | Knight |
| 23:22 | Create | Knight |
| 23:24 | Create | Villager (Male) |
| 23:24 | Create | Villager (Male) |
| 23:53 | Build | Monastery |
| 24:06 | Create | Knight |
| 24:06 | Create | Knight |
| 24:15 | Create | Villager (Male) |
| 24:19 | Create | Villager (Male) |
| 24:24 | Create | Monk |
| 24:49 | Create | Knight |
| 25:04 | Create | Villager (Male) |
| 25:04 | Create | Villager (Male) |
| 25:19 | Create | Knight |
| 25:35 | Create | Villager (Male) |
| 25:35 | Create | Villager (Male) |
| 26:13 | Build | Castle |
| 26:21 | Create | Villager (Male) |
| 26:21 | Create | Villager (Male) |
| 26:27 | Build | Outpost |
| 26:46 | Create | Scout Cavalry |
| 26:46 | Create | Scout Cavalry |
| 26:54 | Create | Villager (Male) ×5 |
| 27:10 | Create | Villager (Male) |
| 27:41 | Create | Leitis |
| 27:58 | Build | Town Center |
| 28:03 | Create | Villager (Male) ×4 |
| 28:37 | Create | Villager (Male) |
| 29:12 | Create | Villager (Male) |
| 29:54 | Create | Leitis |
Build order — holagame
First 150 of 217 actions detected
| 1:01 | Build | Town Center |
| 1:15 | Build | House |
| 2:16 | Build | Dock |
| 2:42 | Create | Villager (Male) |
| 2:43 | Create | Villager (Male) |
| 2:43 | Create | Villager (Male) |
| 2:43 | Create | Villager (Male) |
| 2:43 | Create | Villager (Male) |
| 3:56 | Create | Villager (Male) |
| 4:23 | Build | House |
| 4:29 | Create | Villager (Male) |
| 4:54 | Create | Villager (Male) |
| 5:25 | Create | Fishing Ship |
| 5:29 | Create | Villager (Male) |
| 5:46 | Create | Villager (Male) |
| 5:59 | Build | House |
| 6:18 | Create | Fishing Ship |
| 6:24 | Create | Villager (Male) |
| 6:51 | Create | Villager (Male) |
| 6:55 | Create | Fishing Ship |
| 7:12 | Create | Villager (Male) |
| 7:14 | Build | House |
| 7:30 | Create | Villager (Male) |
| 7:39 | Create | Villager (Male) |
| 8:05 | Build | House |
| 8:22 | Create | Villager (Male) |
| 8:32 | Build | Mill |
| 8:40 | Create | Villager (Male) |
| 9:03 | Create | Villager (Male) |
| 9:36 | Create | Villager (Male) |
| 9:46 | Build | House |
| 9:54 | Create | Villager (Male) |
| 10:22 | Build | Mining Camp |
| 10:33 | Create | Villager (Male) |
| 10:49 | Research | Loom |
| 11:11 | Research | Feudal Age |
| 11:11 | Research | Feudal Age |
| 11:30 | Build | Barracks |
| 11:42 | Create | Villager (Male) |
| 11:42 | Create | Villager (Male) |
| 13:40 | Age | Feudal Age |
| 13:43 | Build | Archery Range |
| 13:50 | Build | Blacksmith |
| 14:03 | Build | Lumber Camp |
| 14:22 | Build | Archery Range |
| 14:38 | Research | Castle Age |
| 14:38 | Research | Castle Age |
| 14:54 | Create | Villager (Male) |
| 15:02 | Build | House |
| 15:04 | Build | House |
| 15:20 | Research | Double-Bit Axe |
| 15:21 | Research | Fletching |
| 15:21 | Research | Fletching |
| 16:04 | Build | House |
| 16:27 | Research | Gold Mining |
| 16:28 | Research | Horse Collar |
| 16:32 | Create | Villager (Male) |
| 16:41 | Build | House |
| 17:18 | Age | Castle Age |
| 17:21 | Create | Cavalry Archer |
| 17:21 | Create | Cavalry Archer |
| 17:22 | Research | Bodkin Arrow |
| 17:25 | Create | Cavalry Archer |
| 17:25 | Create | Cavalry Archer |
| 17:26 | Create | Cavalry Archer |
| 17:26 | Create | Cavalry Archer |
| 17:27 | Create | Cavalry Archer |
| 17:27 | Create | Villager (Male) |
| 17:49 | Research | Bow Saw |
| 18:04 | Create | Villager (Male) |
| 18:45 | Create | Cavalry Archer |
| 18:46 | Create | Cavalry Archer |
| 18:46 | Create | Cavalry Archer |
| 18:53 | Create | Villager (Male) |
| 19:12 | Create | Cavalry Archer |
| 19:13 | Create | Cavalry Archer |
| 19:16 | Research | Padded Archer Armor |
| 19:16 | Research | Padded Archer Armor |
| 19:42 | Create | Villager (Male) |
| 19:44 | Create | Villager (Male) |
| 19:49 | Build | Town Center |
| 19:54 | Create | Cavalry Archer |
| 20:14 | Create | Villager (Male) |
| 20:33 | Create | Cavalry Archer |
| 20:34 | Create | Cavalry Archer |
| 20:45 | Create | Villager (Male) |
| 21:01 | Create | Villager (Male) |
| 21:08 | Build | Town Center |
| 21:14 | Create | Villager (Male) |
| 21:16 | Build | House |
| 21:16 | Build | House |
| 21:25 | Create | Villager (Male) |
| 21:25 | Create | Villager (Male) |
| 21:25 | Create | Villager (Male) |
| 21:25 | Create | Villager (Male) |
| 21:35 | Create | Cavalry Archer |
| 21:35 | Create | Cavalry Archer |
| 21:54 | Create | Cavalry Archer |
| 22:00 | Create | Villager (Male) |
| 22:00 | Create | Villager (Male) |
| 22:03 | Create | Villager (Male) |
| 22:06 | Build | Farm |
| 22:26 | Create | Cavalry Archer |
| 22:26 | Create | Cavalry Archer |
| 22:27 | Create | Cavalry Archer |
| 22:27 | Create | Villager (Male) |
| 22:27 | Create | Villager (Male) |
| 22:30 | Build | House |
| 22:32 | Build | House |
| 23:12 | Create | Cavalry Archer |
| 23:13 | Create | Villager (Male) |
| 23:13 | Create | Villager (Male) |
| 23:14 | Create | Villager (Male) |
| 23:14 | Create | Villager (Male) |
| 23:17 | Build | University |
| 23:41 | Create | Villager (Male) |
| 23:42 | Create | Villager (Male) |
| 23:42 | Create | Villager (Male) |
| 23:46 | Build | Farm |
| 23:47 | Create | Villager (Male) |
| 23:50 | Build | Farm |
| 23:50 | Build | Farm |
| 24:06 | Research | Leather Archer Armor |
| 24:07 | Create | Cavalry Archer |
| 24:07 | Create | Cavalry Archer |
| 24:17 | Build | Market |
| 24:31 | Create | Villager (Male) |
| 24:32 | Create | Villager (Male) |
| 24:34 | Build | Farm |
| 24:38 | Build | Mill |
| 24:52 | Research | Ballistics |
| 24:52 | Research | Ballistics |
| 24:54 | Build | Stable |
| 24:56 | Build | Farm |
| 25:02 | Create | Cavalry Archer |
| 25:02 | Create | Cavalry Archer |
| 25:10 | Create | Villager (Male) |
| 25:10 | Create | Villager (Male) |
| 25:25 | Create | Villager (Male) |
| 25:25 | Create | Villager (Male) |
| 25:30 | Build | Farm |
| 25:30 | Build | Farm |
| 25:33 | Create | Cavalry Archer |
| 25:33 | Create | Cavalry Archer |
| 25:36 | Create | Villager (Male) |
| 25:41 | Build | House |
| 25:41 | Build | House |
| 25:41 | Build | House |
| 26:12 | Create | Cavalry Archer |
| 26:18 | Create | Villager (Male) |
Build order — hK | Anubis
126 actions detected in the replay
| 0:41 | Build | Dock |
| 1:55 | Build | Town Center |
| 3:51 | Create | Villager (Male) |
| 3:51 | Create | Villager (Male) |
| 3:51 | Create | Villager (Male) |
| 4:04 | Build | House |
| 4:08 | Create | Villager (Male) |
| 4:08 | Create | Villager (Male) |
| 4:09 | Create | Villager (Male) |
| 5:05 | Create | Fishing Ship |
| 5:05 | Create | Fishing Ship |
| 5:17 | Create | Villager (Male) |
| 5:57 | Build | House |
| 6:09 | Create | Fishing Ship |
| 6:09 | Create | Fishing Ship |
| 6:15 | Research | Loom |
| 6:28 | Build | House |
| 6:42 | Build | House |
| 6:45 | Create | Villager (Male) |
| 7:07 | Create | Villager (Male) |
| 7:25 | Create | Fishing Ship |
| 7:30 | Create | Villager (Male) |
| 7:30 | Create | Villager (Male) |
| 7:41 | Create | Villager (Male) |
| 7:41 | Create | Villager (Male) |
| 8:00 | Create | Fishing Ship |
| 8:14 | Create | Villager (Male) |
| 8:16 | Create | Villager (Male) |
| 8:32 | Build | House |
| 9:03 | Create | Villager (Male) |
| 9:10 | Build | House |
| 9:17 | Create | Villager (Male) |
| 9:47 | Create | Villager (Male) |
| 10:17 | Build | Settlement |
| 10:24 | Create | Villager (Male) |
| 10:36 | Build | Palisade Wall |
| 10:44 | Build | House |
| 11:02 | Create | Villager (Male) |
| 11:47 | Research | Feudal Age |
| 12:11 | Build | Settlement |
| 13:32 | Create | Villager (Male) |
| 13:33 | Create | Villager (Male) |
| 13:57 | Age | Feudal Age |
| 14:01 | Build | Blacksmith |
| 14:10 | Build | Market |
| 14:39 | Create | Spearman |
| 14:46 | Build | Palisade Wall |
| 14:48 | Build | Palisade Wall |
| 14:49 | Build | Palisade Wall |
| 14:50 | Build | Palisade Wall |
| 15:04 | Build | Palisade Wall |
| 15:06 | Build | Palisade Wall |
| 15:22 | Research | Castle Age |
| 15:37 | Build | Palisade Wall |
| 15:39 | Build | Palisade Wall |
| 15:40 | Build | Palisade Wall |
| 15:42 | Build | Palisade Wall |
| 15:48 | Create | Spearman |
| 16:08 | Build | Palisade Wall |
| 17:21 | Create | Unit 2626 |
| 17:22 | Create | Unit 2626 |
| 17:55 | Research | Double-Bit Axe |
| 18:02 | Age | Castle Age |
| 18:05 | Create | Villager (Male) |
| 18:29 | Create | Villager (Male) |
| 18:42 | Create | Villager (Male) |
| 19:20 | Create | Spearman |
| 19:31 | Build | Castle |
| 19:34 | Build | Palisade Wall |
| 19:38 | Build | Palisade Wall |
| 19:39 | Build | Palisade Wall |
| 19:40 | Build | Palisade Wall |
| 19:42 | Build | Palisade Wall |
| 19:49 | Build | Palisade Wall |
| 20:04 | Create | Spearman |
| 20:30 | Create | Spearman |
| 20:30 | Create | Spearman |
| 20:33 | Create | Spearman |
| 20:36 | Create | Villager (Male) |
| 20:59 | Create | Villager (Male) |
| 21:02 | Research | Bow Saw |
| 21:25 | Create | Skirmisher |
| 21:32 | Build | House |
| 21:35 | Build | House |
| 21:38 | Build | House |
| 21:42 | Build | House |
| 22:13 | Create | Spearman |
| 22:14 | Create | Spearman |
| 22:38 | Build | Town Center |
| 22:42 | Build | Palisade Wall |
| 23:27 | Build | Palisade Wall |
| 23:38 | Build | Palisade Wall |
| 23:40 | Build | Palisade Wall |
| 23:44 | Build | Palisade Wall |
| 23:45 | Build | Palisade Wall |
| 23:50 | Build | Palisade Wall |
| 23:51 | Build | Palisade Wall |
| 24:00 | Create | Villager (Male) |
| 25:11 | Build | Stone Wall |
| 25:15 | Build | Stone Wall |
| 25:24 | Create | Fishing Ship |
| 25:24 | Create | Fishing Ship |
| 25:35 | Create | Villager (Male) |
| 25:59 | Build | Gate |
| 26:28 | Create | Fishing Ship |
| 26:28 | Create | Fishing Ship |
| 26:29 | Create | Fishing Ship |
| 26:30 | Create | Villager (Male) |
| 26:30 | Create | Villager (Male) |
| 26:36 | Build | House |
| 26:38 | Build | Stone Wall |
| 26:41 | Build | Stone Wall |
| 26:55 | Build | Stone Wall |
| 27:33 | Create | Villager (Male) |
| 27:41 | Build | Settlement |
| 28:01 | Create | Fishing Ship |
| 28:10 | Create | Villager (Male) |
| 28:10 | Create | Villager (Male) |
| 28:28 | Create | Villager (Male) |
| 28:35 | Create | Villager (Male) |
| 28:35 | Create | Villager (Male) |
| 29:23 | Build | Fish Trap |
| 29:25 | Create | Villager (Male) |
| 29:26 | Create | Villager (Male) |
| 29:51 | Build | Fish Trap |
| 30:02 | Build | Fish Trap |
Build order — dapao
First 150 of 252 actions detected
| 0:49 | Build | Dock |
| 0:55 | Build | Town Center |
| 2:12 | Build | House |
| 2:50 | Create | Villager (Male) |
| 2:51 | Create | Villager (Male) |
| 2:51 | Create | Villager (Male) |
| 2:51 | Create | Villager (Male) |
| 2:52 | Create | Villager (Male) |
| 2:54 | Create | Fishing Ship |
| 2:54 | Create | Fishing Ship |
| 3:21 | Create | Villager (Male) |
| 3:21 | Create | Villager (Male) |
| 4:29 | Create | Villager (Male) |
| 4:29 | Create | Villager (Male) |
| 4:30 | Create | Villager (Male) |
| 4:45 | Create | Villager (Male) |
| 4:48 | Research | Loom |
| 4:48 | Research | Loom |
| 5:01 | Build | House |
| 5:06 | Create | Villager (Male) |
| 5:06 | Create | Villager (Male) |
| 5:07 | Create | Villager (Male) |
| 5:13 | Create | Villager (Male) |
| 5:13 | Create | Villager (Male) |
| 5:33 | Create | Villager (Male) |
| 5:43 | Build | House |
| 5:59 | Create | Villager (Male) |
| 5:59 | Create | Villager (Male) |
| 6:29 | Create | Fishing Ship |
| 6:29 | Create | Fishing Ship |
| 6:31 | Create | Villager (Male) |
| 6:31 | Create | Villager (Male) |
| 7:00 | Create | Villager (Male) |
| 7:00 | Create | Villager (Male) |
| 7:06 | Build | House |
| 7:14 | Create | Villager (Male) |
| 7:14 | Create | Villager (Male) |
| 7:37 | Create | Villager (Male) |
| 7:51 | Create | Villager (Male) |
| 7:51 | Create | Villager (Male) |
| 8:19 | Create | Villager (Male) |
| 8:51 | Create | Villager (Male) |
| 9:13 | Build | Lumber Camp |
| 9:15 | Create | Villager (Male) |
| 9:45 | Research | Feudal Age |
| 9:45 | Research | Feudal Age |
| 10:05 | Create | Villager (Male) |
| 10:06 | Create | Villager (Male) |
| 10:16 | Create | Villager (Male) |
| 10:38 | Build | Barracks |
| 10:44 | Build | Barracks |
| 10:52 | Build | Palisade Wall |
| 11:06 | Create | Villager (Male) |
| 11:19 | Create | Villager (Male) |
| 11:39 | Build | House |
| 11:48 | Age | Feudal Age |
| 11:50 | Build | Stable |
| 11:51 | Create | Villager (Male) |
| 12:00 | Create | Villager (Male) |
| 12:04 | Create | Villager (Male) |
| 12:10 | Build | Mill |
| 12:11 | Create | Villager (Male) |
| 12:17 | Create | Villager (Male) |
| 12:32 | Create | Scout Cavalry |
| 12:32 | Create | Scout Cavalry |
| 12:33 | Create | Scout Cavalry |
| 12:44 | Create | Villager (Male) |
| 12:59 | Build | Palisade Wall |
| 13:01 | Create | Villager (Male) |
| 13:06 | Create | Scout Cavalry |
| 13:07 | Create | Villager (Male) |
| 13:13 | Build | Blacksmith |
| 13:21 | Create | Villager (Male) |
| 13:29 | Build | Palisade Wall |
| 13:34 | Build | Palisade Gate |
| 13:35 | Create | Villager (Male) |
| 13:54 | Create | Scout Cavalry |
| 13:55 | Create | Villager (Male) |
| 14:06 | Research | Scale Barding Armor |
| 14:07 | Create | Villager (Male) |
| 14:11 | Build | House |
| 14:24 | Create | Scout Cavalry |
| 14:24 | Create | Scout Cavalry |
| 14:33 | Create | Villager (Male) |
| 14:35 | Build | House |
| 14:55 | Create | Scout Cavalry |
| 14:56 | Create | Villager (Male) |
| 15:06 | Build | Mining Camp |
| 15:10 | Build | Palisade Wall |
| 15:21 | Create | Scout Cavalry |
| 15:22 | Create | Villager (Male) |
| 15:22 | Create | Villager (Male) |
| 15:27 | Create | Villager (Male) |
| 15:32 | Build | Farm |
| 15:34 | Build | Farm |
| 15:34 | Build | Farm |
| 15:54 | Create | Villager (Male) |
| 16:04 | Create | Villager (Male) |
| 16:18 | Create | Scout Cavalry |
| 16:19 | Create | Villager (Male) |
| 16:28 | Create | Scout Cavalry |
| 16:29 | Create | Villager (Male) |
| 16:52 | Create | Villager (Male) |
| 16:58 | Build | Mill |
| 17:04 | Build | Mill |
| 17:07 | Create | Villager (Male) |
| 17:16 | Build | Farm |
| 17:27 | Create | Scout Cavalry |
| 17:28 | Create | Villager (Male) |
| 17:35 | Create | Villager (Male) |
| 17:44 | Create | Villager (Male) |
| 17:45 | Build | House |
| 17:57 | Create | Scout Cavalry |
| 17:58 | Create | Villager (Male) |
| 18:14 | Build | Farm |
| 18:19 | Build | Palisade Wall |
| 18:49 | Create | Villager (Male) |
| 18:49 | Create | Villager (Male) |
| 18:51 | Create | Villager (Male) |
| 19:04 | Create | Scout Cavalry |
| 19:04 | Create | Scout Cavalry |
| 19:05 | Create | Villager (Male) |
| 19:22 | Create | Villager (Male) |
| 19:28 | Create | Villager (Male) |
| 19:41 | Create | Villager (Male) |
| 19:52 | Create | Villager (Male) |
| 19:54 | Create | Villager (Male) |
| 20:02 | Build | Palisade Wall |
| 20:03 | Create | Villager (Male) |
| 20:53 | Create | Villager (Male) |
| 20:54 | Create | Villager (Male) |
| 21:16 | Build | Mill |
| 21:29 | Research | Gold Mining |
| 21:30 | Research | Castle Age |
| 21:30 | Research | Castle Age |
| 21:47 | Create | Villager (Male) |
| 21:55 | Research | Double-Bit Axe |
| 21:56 | Research | Horse Collar |
| 22:46 | Create | Villager (Male) |
| 22:59 | Build | Mining Camp |
| 23:16 | Build | Stable |
| 23:35 | Research | Forging |
| 23:39 | Research | Bloodlines |
| 23:39 | Research | Bloodlines |
| 23:51 | Create | Villager (Male) |
| 23:52 | Create | Villager (Male) |
| 23:55 | Age | Castle Age |
| 24:03 | Build | Mill |
| 24:06 | Create | Knight |
| 24:06 | Create | Knight |
Build order — veni
First 150 of 180 actions detected
| 0:08 | Build | Dock |
| 0:24 | Build | House |
| 1:00 | Build | Town Center |
| 2:56 | Create | Villager (Male) |
| 2:57 | Create | Villager (Male) |
| 2:57 | Create | Villager (Male) |
| 2:57 | Create | Villager (Male) |
| 2:58 | Create | Villager (Male) |
| 3:35 | Create | Fishing Ship |
| 4:09 | Build | House |
| 4:48 | Research | Loom |
| 4:52 | Create | Fishing Ship |
| 5:20 | Build | House |
| 5:24 | Create | Villager (Male) |
| 5:54 | Create | Villager (Male) |
| 6:09 | Create | Villager (Male) |
| 6:26 | Create | Villager (Male) |
| 6:33 | Create | Fishing Ship |
| 6:33 | Create | Fishing Ship |
| 6:57 | Create | Villager (Male) |
| 7:25 | Create | Villager (Male) |
| 7:28 | Create | Fishing Ship |
| 7:59 | Build | House |
| 8:02 | Create | Villager (Male) |
| 8:02 | Create | Villager (Male) |
| 8:15 | Create | Villager (Male) |
| 8:30 | Create | Fishing Ship |
| 9:11 | Build | House |
| 9:17 | Create | Villager (Male) |
| 9:27 | Build | Mill |
| 9:31 | Create | Villager (Male) |
| 10:11 | Research | Feudal Age |
| 10:11 | Research | Feudal Age |
| 10:33 | Build | Dock |
| 10:51 | Build | Lumber Camp |
| 11:01 | Create | Villager (Male) |
| 11:07 | Build | House |
| 11:23 | Create | Fishing Ship |
| 11:34 | Create | Fishing Ship |
| 11:35 | Create | Fishing Ship |
| 12:08 | Create | Fishing Ship |
| 12:28 | Age | Feudal Age |
| 12:32 | Research | Tech 906 |
| 12:32 | Research | Tech 906 |
| 12:33 | Research | Double-Bit Axe |
| 12:33 | Research | Double-Bit Axe |
| 12:34 | Create | Villager (Male) |
| 12:39 | Build | Blacksmith |
| 12:43 | Create | Galley |
| 12:43 | Create | Galley |
| 12:58 | Create | Galley |
| 13:08 | Create | Villager (Male) ×4 |
| 13:21 | Research | Fletching |
| 13:22 | Research | Fletching |
| 13:22 | Create | Galley |
| 13:23 | Create | Galley |
| 13:46 | Build | Dock |
| 13:59 | Create | Villager (Male) |
| 14:04 | Create | Galley |
| 14:26 | Create | Galley |
| 14:26 | Create | Galley |
| 14:35 | Create | Villager (Male) |
| 14:39 | Build | Barracks |
| 14:53 | Create | Fishing Ship |
| 14:53 | Create | Galley |
| 14:57 | Create | Villager (Male) |
| 15:04 | Research | Scale Mail Armor |
| 15:07 | Create | Fishing Ship |
| 15:19 | Research | Town Watch |
| 15:19 | Create | Villager (Male) |
| 15:20 | Create | Villager (Male) |
| 15:22 | Create | Spearman |
| 15:26 | Build | House |
| 15:32 | Research | Wheelbarrow |
| 16:07 | Create | Villager (Male) |
| 16:08 | Create | Spearman |
| 16:22 | Create | Fishing Ship |
| 16:23 | Create | Fishing Ship |
| 16:23 | Create | Villager (Male) |
| 16:26 | Create | Spearman |
| 16:30 | Build | House |
| 16:32 | Build | House |
| 16:37 | Create | Spearman |
| 16:42 | Build | Palisade Gate |
| 16:53 | Create | Fishing Ship |
| 16:53 | Create | Fishing Ship |
| 16:59 | Create | Villager (Male) |
| 17:06 | Create | Spearman |
| 17:20 | Create | Fishing Ship |
| 17:31 | Build | Mining Camp |
| 17:53 | Create | Galley |
| 17:53 | Create | Galley |
| 18:01 | Create | Villager (Male) |
| 18:16 | Build | Market |
| 18:22 | Research | Gold Mining |
| 18:22 | Research | Gold Mining |
| 18:30 | Build | House |
| 18:31 | Build | House |
| 18:47 | Create | Villager (Male) |
| 19:26 | Research | Castle Age |
| 19:26 | Research | Castle Age |
| 19:33 | Build | Archery Range |
| 20:16 | Build | Archery Range |
| 20:25 | Build | Fish Trap |
| 20:27 | Build | Fish Trap |
| 20:56 | Build | Fish Trap |
| 20:59 | Create | Villager (Male) |
| 21:29 | Build | Fish Trap |
| 21:30 | Build | Fish Trap |
| 22:06 | Age | Castle Age |
| 22:06 | Research | Bodkin Arrow |
| 22:07 | Research | Bodkin Arrow |
| 22:07 | Research | Bodkin Arrow |
| 22:07 | Research | Bow Saw |
| 22:08 | Research | Bow Saw |
| 22:09 | Research | Gillnets |
| 22:09 | Research | Gillnets |
| 22:10 | Create | Elephant Archer |
| 22:10 | Create | Elephant Archer |
| 22:11 | Create | Elephant Archer |
| 22:15 | Create | Villager (Male) |
| 22:16 | Create | Spearman |
| 22:18 | Create | Villager (Male) |
| 22:19 | Create | Villager (Male) |
| 22:33 | Create | Elephant Archer |
| 22:33 | Create | Elephant Archer |
| 22:35 | Build | Archery Range |
| 22:41 | Build | Fish Trap |
| 22:42 | Build | Fish Trap |
| 23:06 | Create | Elephant Archer |
| 23:06 | Create | Elephant Archer |
| 23:25 | Build | Monastery |
| 23:41 | Create | Villager (Male) |
| 23:47 | Create | Elephant Archer |
| 23:47 | Create | Elephant Archer |
| 23:48 | Build | House |
| 23:49 | Build | House |
| 23:52 | Create | Villager (Male) |
| 24:02 | Create | Elephant Archer |
| 24:02 | Create | Elephant Archer |
| 24:13 | Create | Monk |
| 24:33 | Create | Elephant Archer |
| 24:33 | Create | Elephant Archer |
| 24:35 | Create | Villager (Male) |
| 24:56 | Build | University |
| 25:12 | Create | Elephant Archer |
| 25:12 | Create | Elephant Archer |
| 25:12 | Create | Elephant Archer |
| 25:32 | Research | Padded Archer Armor |
| 25:32 | Research | Padded Archer Armor |
Match timeline
| 0:07 | hK | Agt. Smith · first_building Dock |
| 0:08 | veni · first_building Dock |
| 0:41 | hK | Anubis · first_building Dock |
| 0:42 | Euromillions · first_building Dock |
| 0:49 | dapao · first_building Dock |
| 2:16 | holagame · first_building Dock |
| 3:08 | Hades · first_building Dock |
| 4:41 | hK | Agt. Smith · wall_segment Palisade Wall x1 |
| 8:37 | Euromillions · wall_segment Palisade Wall x4 |
| 9:18 | Euromillions · wall_segment Palisade Wall x7 |
| 9:21 | Euromillions · wall_segment Palisade Wall x6 |
| 10:06 | hK | Agt. Smith · first_building Barracks |
| 10:30 | Euromillions · wall_segment Palisade Wall x6 |
| 10:33 | Euromillions · wall_segment Palisade Wall x1 |
| 10:34 | Euromillions · wall_segment Palisade Wall x1 |
| 10:36 | hK | Anubis · wall_segment Palisade Wall x1 |
| 10:38 | dapao · first_building Barracks |
| 10:52 | dapao · wall_segment Palisade Wall x3 |
| 11:00 | BF_XIN · first_building Barracks |
| 11:11 | Hades · first_building Barracks |
| 11:30 | holagame · first_building Barracks |
| 11:44 | BF_XIN · age_up feudal |
| 11:48 | dapao · age_up feudal |
| 11:50 | dapao · first_building Stable |
| 12:01 | BF_XIN · first_building Stable |
| 12:02 | Euromillions · wall_segment Palisade Wall x1 |
| 12:04 | hK | Agt. Smith · age_up feudal |
| 12:04 | Euromillions · wall_segment Palisade Wall x10 |
| 12:06 | hK | Agt. Smith · first_building Archery Range |
| 12:27 | Euromillions · wall_segment Palisade Wall x10 |
| 12:28 | veni · age_up feudal |
| 12:57 | Hades · age_up feudal |
| 12:58 | Hades · first_building Stable |
| 12:59 | dapao · wall_segment Palisade Wall x4 |
| 13:22 | Euromillions · age_up feudal |
| 13:29 | dapao · wall_segment Palisade Wall x6 |
| 13:40 | holagame · age_up feudal |
| 13:43 | holagame · first_building Archery Range |
| 13:57 | hK | Anubis · age_up feudal |
| 14:29 | hK | Agt. Smith · wall_segment Stone Wall x10 |
| 14:39 | veni · first_building Barracks |
| 14:40 | Euromillions · first_market_sell 100 wood |
| 14:41 | Euromillions · first_market_buy 100 food |
| 14:46 | hK | Anubis · wall_segment Palisade Wall x1 |
| 14:48 | hK | Anubis · wall_segment Palisade Wall x1 |
| 14:49 | hK | Anubis · wall_segment Palisade Wall x1 |
| 14:49 | hK | Agt. Smith · wall_segment Stone Wall x6 |
| 14:50 | hK | Anubis · wall_segment Palisade Wall x1 |
| 15:04 | hK | Anubis · wall_segment Palisade Wall x1 |
| 15:06 | hK | Anubis · wall_segment Palisade Wall x1 |
| 15:10 | dapao · wall_segment Palisade Wall x13 |
| 15:37 | hK | Anubis · wall_segment Palisade Wall x1 |
| 15:39 | hK | Anubis · wall_segment Palisade Wall x1 |
| 15:40 | hK | Anubis · wall_segment Palisade Wall x1 |
| 15:42 | hK | Anubis · wall_segment Palisade Wall x1 |
| 16:08 | hK | Anubis · wall_segment Palisade Wall x1 |
| 16:12 | Euromillions · wall_segment Palisade Wall x7 |
| 17:18 | holagame · age_up castle |
| 17:40 | hK | Agt. Smith · wall_segment Stone Wall x1 |
| 17:42 | Euromillions · age_up castle |
| 17:42 | hK | Agt. Smith · wall_segment Stone Wall x1 |
| 17:46 | Euromillions · first_building Siege Workshop |
| 18:02 | hK | Anubis · age_up castle |
| 18:09 | hK | Anubis · first_market_buy 100 wood |
| 18:19 | dapao · wall_segment Palisade Wall x11 |
| 19:09 | hK | Agt. Smith · wall_segment Stone Wall x9 |
| 19:25 | veni · first_market_buy 100 food |
| 19:31 | hK | Anubis · first_building Castle |
| 19:33 | veni · first_building Archery Range |
| 19:34 | hK | Anubis · wall_segment Palisade Wall x1 |
| 19:38 | hK | Anubis · wall_segment Palisade Wall x1 |
| 19:39 | hK | Anubis · wall_segment Palisade Wall x1 |
| 19:40 | hK | Anubis · wall_segment Palisade Wall x1 |
| 19:42 | hK | Anubis · wall_segment Palisade Wall x1 |
| 19:49 | hK | Anubis · wall_segment Palisade Wall x1 |
| 20:01 | hK | Agt. Smith · wall_segment Stone Wall x1 |
| 20:02 | dapao · wall_segment Palisade Wall x8 |
| 20:02 | hK | Agt. Smith · wall_segment Stone Wall x1 |
| 20:20 | hK | Agt. Smith · first_market_buy 100 food |
| 20:37 | hK | Agt. Smith · first_building Stable |
| 22:06 | veni · age_up castle |
| 22:42 | hK | Anubis · wall_segment Palisade Wall x1 |
| 22:43 | Euromillions · first_building Castle |
| 22:47 | Hades · age_up castle |
| 22:48 | Euromillions · wall_segment Palisade Wall x1 |
| 23:01 | hK | Agt. Smith · age_up castle |
| 23:25 | veni · first_building Monastery |
| 23:27 | hK | Anubis · wall_segment Palisade Wall x1 |
| 23:34 | veni · first_market_sell 100 stone |
| 23:38 | hK | Anubis · wall_segment Palisade Wall x1 |
| 23:40 | hK | Anubis · wall_segment Palisade Wall x1 |
| 23:44 | hK | Anubis · wall_segment Palisade Wall x1 |
| 23:45 | hK | Anubis · wall_segment Palisade Wall x1 |
| 23:50 | hK | Anubis · wall_segment Palisade Wall x1 |
| 23:51 | hK | Anubis · wall_segment Palisade Wall x1 |
| 23:53 | hK | Agt. Smith · first_building Monastery |
| 23:55 | dapao · age_up castle |
| 24:11 | Hades · first_market_sell 100 wood |
| 24:13 | Hades · first_market_buy 100 stone |
| 24:49 | hK | Agt. Smith · first_market_sell 100 wood |
| 24:54 | holagame · first_building Stable |
| 25:11 | hK | Anubis · wall_segment Stone Wall x2 |
| 25:15 | hK | Anubis · wall_segment Stone Wall x11 |
| 26:13 | hK | Agt. Smith · first_building Castle |
| 26:23 | holagame · first_market_buy 100 stone |
| 26:38 | hK | Anubis · wall_segment Stone Wall x1 |
| 26:41 | hK | Anubis · wall_segment Stone Wall x1 |
| 26:55 | hK | Anubis · wall_segment Stone Wall x1 |
| 27:34 | holagame · first_building Monastery |
| 27:51 | Euromillions · wall_segment Palisade Wall x1 |
| 29:59 | Hades · resign |
[ AI ANALYSIS · 1 CREDIT ]
What really happened in this match?
Wolo.gg analyzes every decision: build order, eco, micro, common mistakes by bracket. Personalized analysis on WhatsApp or Discord in 30 seconds.
Civ guide
Koreans
Perfil
Euromillions